 Dungeon Crawl Stone Soup version 0.27.1 (webtiles) character file.

Game seed: 17571217277516754055

56 Sabo the Skirmisher (level 3, 29/29 HPs)
             Began as a Demonspawn Fighter on Aug 28, 2021.
             Was a Follower of Vehumet.
             Got out of the dungeon alive.
             The game lasted 00:07:56 (1631 turns).

Sabo the Skirmisher (Demonspawn Fighter)            Turns: 1631, Time: 00:07:57

Health: 29/29      AC:  6    Str: 17    XL:     3   Next: 69%
Magic:  3/3        EV:  7    Int:  9    God:    Vehumet [*.....]
Gold:   91         SH:  9    Dex: 12    Spells: 2/2 levels left

rFire    . . .     SeeInvis .   j - +2 dagger (elec)
rCold    . . .     Faith    .   c - +0 kite shield
rNeg     . . .     Spirit   .   b - +0 scale mail
rPois    .         Reflect  .   (helmet restricted)
rElec    .         Harm     .   e - scarf {+Inv}
rCorr    .         Rampage  .   (no gloves)
Will     .....                  (no boots)
Stlth    ..........             m - amulet of magic regeneration
HPRegen  0.09/turn              (no ring)
MPRegen  0.33/turn              (no ring)

@: no status effects
A: antennae 1
a: Renounce Religion, Evoke Invisibility


You escaped.
You worshipped Vehumet.
Vehumet was aware of your devotion.
You visited 1 branch of the dungeon, and saw 2 of its levels.

You collected 91 gold pieces.

Inventory:

Hand Weapons
 a - a +0 war axe
 f - a +0 dagger of draining
 j - a +2 dagger of electrocution (weapon)
Missiles
 g - 43 arrows
 l - 18 bolts
Armour
 b - a +0 scale mail (worn)
 c - a +0 kite shield (worn)
 e - a scarf of invisibility (worn)
Jewellery
 m - an amulet of magic regeneration (around neck)
Scrolls
 k - a scroll of enchant weapon {unknown}
 n - a scroll of noise {unknown}
 o - a scroll of identify {unknown}
Potions
 d - 2 potions of might
 h - a potion of brilliance {unknown}
 i - a potion of haste {unknown}


   Skills:
 + Level 3.5 Fighting
 + Level 0.8 Short Blades
 + Level 2.2 Axes
 + Level 3.2 Armour
 + Level 3.0 Shields


You had 2 spell levels left.
You didn't know any spells.
Your spell library was empty.

Dungeon Overview and Level Annotations

Branches:
Dungeon (2/15)

Altars:
Vehumet


Innate Abilities, Weirdness & Mutations

You have a pair of small antennae on your head.


Message History

You hit the jackal. Lightning courses through the jackal!
You kill the jackal!
Vehumet accepts your kill.
The jackal bites you but does no damage.
You closely miss the jackal. You block the jackal's attack.
A ball python comes into view.
The ball python hisses angrily.
You hit the jackal.
You kill the jackal!
Vehumet accepts your kill. The jackal bites you.
You closely miss the jackal. The jackal closely misses you.
You hit the jackal.
The jackal is severely wounded.
The jackal barely misses you. The jackal bites you.
You hit the jackal.
You kill the jackal!
Vehumet accepts your kill.
You barely miss the ball python.
The ball python bites you but does no damage.
The ball python grabs you. The ball python constricts you.
You hit the ball python.
Lightning courses through the ball python!
You kill the ball python!
Vehumet accepts your kill.
Found 16 arrows.
Found a scroll labelled ARHUESMORGHI.
g - 43 arrows (gained 16)
o - a scroll labelled ARHUESMORGHI You open the door.
There is an open door here.
Found a stone staircase leading down.
There is a stone staircase leading down here.
There is a stone staircase leading up here.
You climb upwards.
There is a stone staircase leading down here.
You see here a +0 club.
There is a staircase leading out of the dungeon here.
Are you sure you want to leave the Dungeon?
This will make you lose the game!
You have escaped!

#.# #.# #.# # #.# #.# #.#
# #)# #.## #.#
#)####..#### #.#
#.##.......###.#
#.#..#####..##.#
#(..#.....#..#.#
##..#.......#...#
#..#....@....#..#
##########..#.......#...#
.........##..#.....#..#.#
#.#.......>...#####.....#
#...####.####........##.#
##.## #.# ##..###.#.##.#
##.#####.###.......#.##.#
...##................##.#
#####.##.###..#######...#


There were no monsters in sight!

Vanquished Creatures
  An adder (D:2)
  5 bats (D:1)
  3 endoplasms
  A giant cockroach (D:2)
  5 goblins
  4 hobgoblins
  3 jackals (D:2)
  8 kobolds
  2 quokkas (D:1)
  3 ball pythons
  3 frilled lizards
  2 rats (D:1)
40 creatures vanquished.

Notes
Turn   | Place    | Note
-------+----------+-------------------------------------------
     0 | D:1      | Sabo the Demonspawn Fighter began the quest for the Orb.
     0 | D:1      | Reached XP level 1. HP: 18/18 MP: 1/1
   220 | D:1      | Gained mutation: You have a pair of small antennae on your
                  | head. [demonic ancestry]
   220 | D:1      | Reached XP level 2. HP: 24/24 MP: 2/2
   814 | D:1      | Reached XP level 3. HP: 26/29 MP: 3/3
  1324 | D:2      | Found a faded altar of an unknown god.
  1335 | D:2      | Became a worshipper of Vehumet
  1335 | D:2      | Reached * piety under Vehumet
  1335 | D:2      | Offered knowledge of Foxfire by Vehumet.
  1631 | D:$      | Got out of the dungeon alive.

Illustrated notes

Levels and vault maps discovered:
D:1:      scummos_arrival_hexagon, layout_loops_ring, solitary_fountain
D:2:      layout_basic, dreamdust_ecumenical_altar_statues, uniq_natasha

Skill      XL: |  1  2  3 |
---------------+----------+-----
Axes           | 2 |  2.2
Armour         | 3 |  3.2
Shields        | 3 |  3.0
Fighting       | |  3.5
Short Blades   | |  0.8

Action                   || total
-------------------------++-------
Melee: War axe           ||    31
       Dagger            ||    67
Armor: Scale mail        ||    46
Dodge: Dodged            ||    32
Block: Kite shield       ||    48
